 Dungeon Crawl Stone Soup version 0.28.0-45-g0d030f2227 (webtiles) character file.

Game seed: 16330266422364809660

22 protoss039 the Digger (level 2, -1/21 HPs)
             Began as a Demonspawn Earth Elementalist on May 30, 2022.
             Slain by Terence
             ... wielding a +0 mace
              (6 damage)
             ... on level 1 of the Dungeon.
             The game lasted 00:02:03 (875 turns).

protoss039 the Digger (DsEE)                         Turns: 875, Time: 00:02:04

Health: -1/21      AC:  2    Str:  8    XL:     2   Next: 68%
Magic:  4/5        EV: 12    Int: 16    God:
Gold:   16         SH:  0    Dex: 13    Spells: 4/5 levels left

rFire   . . .      SeeInvis .   a - +0 short sword
rCold   . . .      Faith    .   (no shield)
rNeg    . . .      Spirit   .   b - +0 robe
rPois   .          Reflect  .   (no helmet)
rElec   .          Harm     .   (no cloak)
rCorr   .          Rampage  .   (no gloves)
Will    .....                   (no boots)
Stlth   ++........              e - amulet of regeneration
HPRegen 0.87/turn               (no ring)
MPRegen 0.09/turn               (no ring)

@: no status effects
A: ignite blood 1
a: no special abilities


You were on level 1 of the Dungeon.
You visited 1 branch of the dungeon, and saw 2 of its levels.

You collected 16 gold pieces.

Inventory:

Hand Weapons
 a - a +0 short sword (weapon)
Missiles
 c - 46 stones
Armour
 b - a +0 robe (worn)
 f - a +0 leather armour
Jewellery
 e - an amulet of regeneration (around neck)
Scrolls
 d - a scroll of teleportation {unknown}
 g - a scroll of magic mapping {unknown}


   Skills:
 * Level 1.4 Fighting
 + Level 0.6 Armour
 - Level 1.7 Dodging
 - Level 1.7 Stealth
 + Level 2.2 Spellcasting
 - Level 1.0 Transmutations
 + Level 2.9 Earth Magic


You had 4 spell levels left.
You knew the following spells:

 Your Spells              Type           Power      Damage    Failure   Level
a - Sandblast             Erth           22%        2d7       6%          1

Your spell library contained the following spells:

 Spells                   Type           Power      Damage    Failure   Level
 Passwall                 Tmut/Erth      6%         N/A       14%         2
 Stone Arrow              Conj/Erth      12%        3d7       32%         3
 Petrify                  Tmut/Erth      8%         N/A       65%         4


Dungeon Overview and Level Annotations

Branches:
Dungeon (2/15)

Altars:
Makhleb

Annotations:
D:1 Terence


Innate Abilities, Weirdness & Mutations

Your demonic aura sometimes causes spilled blood to erupt in flames.


Message History

Found a stone staircase leading down.
The goblin hits you with a +0 club.
Found 10 gold pieces.
There is a stone staircase leading down here.
A dart slug comes into view.
Terence barely misses you.
A quokka comes into view.
Terence shouts, "DIE!!!"
Terence says, "You're history."
Terence says, "Don't bother to defend, it's pointless."
The goblin shouts!
You hear a shout! x2
A goblin comes into view. It is wielding a +0 club.
You hit the goblin.
The goblin is severely wounded.
The goblin barely misses you. Terence hits you with a +0 mace.
You hit the rat but do no damage. The rat bites you.
The goblin hits you but does no damage. Terence barely misses you.
Unknown command.
Unknown command.
Casting: Sandblast (safe; 6% risk of failure)
Confirm with . or Enter, or press ? or * to list all spells.
Aiming: Sandblast (safe; 6% risk of failure)
Press: ? - help, Shift-Dir - straight line, f - goblin
Aim: a goblin, wielding a +0 dagger (severely wounded, 74% to hit)
The blast of sand hits the goblin!
You kill the goblin!
The rat bites you but does no damage. Terence hits you with a +0 mace.
The goblin hits you but does no damage.
Unknown command.
The rat misses you. The goblin hits you with a +0 club.
You see here a +0 dagger.
Unknown command.
The rat barely misses you. The kobold hits you with a +0 dagger.
Unknown command.
The jackal barks!
The goblin hits you with a +0 club.
You completely miss the kobold. The goblin hits you but does no damage.
The rat barely misses you. The jackal bites you.
* * * LOW HITPOINT WARNING * * *
The kobold hits you but does no damage. Terence hits you with a +0 mace.
You die...

######### .# #........
#######.# #........ .
.......######........
..##...#...#............
............)# #........
.............###........
........g..$.#..........
.......h@r...............
...#...Kg@.......#...####
.......?..).##.....##....
.....###.#####...........
.....###.# ##.#.###....
.......#.### ##.#..##....
.......#.#.###..##.##....
#.....>...#...###.##....
##.##....KB...# #..#....


You could see Terence, a jackal, 2 goblins, a kobold and a rat.

Vanquished Creatures
  A worm (D:2)
  2 giant cockroaches
  2 goblins
  2 hobgoblins
  A jackal (D:2)
  2 quokkas
  4 ball pythons
  A bat (D:2)
  A kobold (D:1)
  2 rats
18 creatures vanquished.

Notes
Turn   | Place    | Note
-------+----------+-------------------------------------------
     0 | D:1      | protoss039 the Demonspawn Earth Elementalist began the
                  | quest for the Orb.
     0 | D:1      | Reached XP level 1. HP: 13/13 MP: 3/3
   112 | D:1      | Reached skill level 1 in Transmutations
   336 | D:2      | Found a burning altar of Makhleb.
   344 | D:2      | Reached skill level 1 in Fighting
   344 | D:2      | Gained mutation: Your demonic aura sometimes causes spilled
                  | blood to erupt in flames. [demonic ancestry]
   344 | D:2      | Reached XP level 2. HP: 13/21 MP: 0/5
   802 | D:2      | Noticed Terence
   875 | D:1      | Slain by Terence

Illustrated notes

Levels and vault maps discovered:
D:1:      nzn_arrival_depleted_hourglass, layout_rooms
D:2:      layout_rooms, basic_altar, chequers_jeans, minmay_curled_crystal,
          uniq_terence

Skill      XL: |  1 |
---------------+----+-----
Transmutations | 1 |  1.0
Fighting       | 1 |  1.4
Armour         | |  0.6
Dodging        | |  1.7
Stealth        | |  1.7
Spellcasting   | |  2.2
Earth Magic    | |  2.9

Action                   || total
-------------------------++-------
Melee: Short sword       ||    38
       Unarmed           ||     2
 Cast: Sandblast         ||    17
Armor: Robe              ||    18
Dodge: Dodged            ||    68
